Unix NetHack Version 3.7.0-88 Work-in-progress - last build Aug 21 2023 04:08:40 (b68ccb3e4f8f5dcb83e1e40b1ff56e7dffd4cd28,branch:master). Game began 2023-08-24 16:37:33, ended 2023-08-24 16:53:40. Arasaka, neutral male gnomish Archeologist ##0 --- #* # --- --.--- $## # -----------------------.---- -----.....| *# 0 #|..--...........e....@i.>... ..........| # ##.....-------<..-----....--- --.......-- # # --..--- --...--.|^.*.....---......).| -.| # #### * |...| |...................---.....-- |.| # # # *0 |.--- --^|....--..........| ......| |.--##### ##0 |.| ----..--|-...G.....---......| #^..# ## *$# |..| |................*..| -#-.|#*# ------...................| --###.###- |0- --.....................| -#.##.....| ---|.|---- |........-.............| ##......##.--...--.---.-|.--..| |.--...................-- ##..0...[...............|.....| --|.||....................| 00#--..........................| --.|.||............G....h.-- 0|..................)......-- --....---.............)...-| ---.....................--- |......||..--..............- --..........---.......| --.--..|------........|..... ----.|.----- ----..--- ------ ----..|.---.|. --- ---- ---- --- Arasaka the Field Worker St:11 Dx:8 Co:12 In:17 Wi:18 Ch:10 Neutral Dlvl:4 $:29 HP:0(42) Pw:28(28) AC:4 Xp:5/234 T:2733 Satiated Latest messages: The imp hits! You miss the imp. The imp misses! You miss the imp. The imp hits! You miss the imp. The imp hits! "Twixt thy cousin and thee, Medusa is the prettier." You miss the imp. The imp hits! "Up thy nose with a rubber hose!" You miss the imp. The imp just misses! You lash the imp. The imp just misses! You lash the imp. The imp hits! You miss the imp. The imp hits! You lash the imp. The imp hits! You lash the imp. The imp misses! You miss the imp. The imp hits! You lash the imp. The imp hits! You miss the imp. The imp hits! "Run away! Live to flee another day!" You miss the imp. The imp hits! You lash the imp. The imp hits! You miss the imp. The imp hits! You miss the imp. The imp hits! You miss the imp. The imp misses! You miss the imp. The imp hits! "Run away! Live to flee another day!" You miss the imp. The imp hits! Are you sure you want to pray? [yn] (n) You begin praying to Camaxtli. The imp hits! The imp hits! You die... Inventory: Coins ('$') $ - 29 gold pieces Weapons (')') l - an uncursed +0 orcish dagger a - an uncursed +2 bullwhip (weapon in hand) Armor ('[') L - an uncursed +0 dwarvish iron helm (being worn) c - an uncursed +0 fedora M - an uncursed +0 dwarvish roundshield (being worn) n - an uncursed +0 leather armor (being worn) Comestibles ('%') d - an uncursed food ration G - an uncursed food ration t - an uncursed tripe ration Scrolls ('?') K - an uncursed scroll of amnesia s - an uncursed scroll of gold detection C - an uncursed scroll of light Tools ('(') H - an empty uncursed bag of holding k - an uncursed magic whistle E - an uncursed mirror m - an uncursed oil lamp (lit) f - an uncursed tinning kit (0:61) Gems/Stones ('*') B - an uncursed citrine stone I - an uncursed worthless piece of blue glass J - 2 uncursed worthless pieces of red glass g - an uncursed touchstone Arasaka the Archeologist's attributes: Background: You were a Field Worker, a level 5 male gnomish Archeologist. You were neutral, on a mission for Camaxtli who was opposed by Quetzalcoatl (lawful) and Huhetotl (chaotic). You were in the Gnomish Mines, on level 4. You entered the dungeon 2733 turns ago. You had 234 experience points, 86 more were needed to attain level 6. Basics: You had 0 out of 42 hit points. You had all 28 energy points (spell power). Your armor class was 4. Your wallet contained 29 zorkmids. Autopickup was on for '$"?' plus thrown, with exceptions. Final Characteristics: Your strength was 11 (limit:18/50). Your dexterity was 8 (limit:18). Your constitution was 12 (limit:18). Your intelligence was 17 (limit:19). Your wisdom was 18 (limit:18). Your charisma was 10 (limit:18). Final Status: You were satiated. You were unencumbered. You were wielding a whip. You had basic skill with whip and could have enhanced that. Final Attributes: You were fervently aligned. You had automatic searching. You had infravision. You were stealthy. You were warded. You were unlucky. You are dead. Miscellaneous: You disabled loading of bones levels. Total elapsed playing time was 16 minutes and 6 seconds. Major events: Turn 1: Arasaka the neutral male gnomish Archeologist entered the dungeon 1025: attained the rank of Field Worker (level 3) 1071: entered the Gnomish Mines 2733: killed by an imp, while praying Vanquished creatures: 2 shriekers 2 little dogs 3 dwarves a homunculus 2 kobold leaders a rothe 2 orc zombies 4 iguanas 2 coyotes 3 hobbits 2 hobgoblins 2 red molds a gnome a gecko 7 jackals 2 kobolds 3 goblins a sewer rat a grid bug 3 bats a lichen 4 newts 50 creatures vanquished. No species were genocided or became extinct. Voluntary challenges: You read items or engraved 7 times. You engraved Elbereth 4 times. You never genocided any monsters. You never polymorphed an object. You never changed form. You used no wishes. Achievements: You entered a shop. You attained the rank of Field Worker. You entered the Gnomish Mines. The Dungeons of Doom: levels 1 to 5 Level 1: Many fountains, some sinks. Level 2: "books" A general store, a fountain. Level 3: Stairs down to The Gnomish Mines. Level 4: An altar, a fountain. Level 5: The Gnomish Mines: levels 4 to 5 Level 4: <- You were here. Final resting place for you, killed by an imp, while praying. Level 5: Game over: ---------- / \ / REST \ / IN \ / PEACE \ / \ | Arasaka | | 29 Au | | killed by an imp | | | | | | | | 2023 | *| * * * | * _________)/\\_//(\/(/\)/\//\/|_)_______ Goodbye Arasaka the Archeologist... You died in The Gnomish Mines on dungeon level 4 with 1163 points, and 29 pieces of gold, after 2733 moves. You were level 5 with a maximum of 42 hit points when you died.